cohdb
Replays
Latest Replays
All Replays
Popular Replays
Top Player Replays
Match Explorer
How It Works
Community
CoH3 Stats
Reddit
Sign in to upload your games and track your stats! →
Sign in with Steam
Match 42547406
Unlisted
Match 42547406
Overview
Messages
Build Orders
End
Panzergrenadier Squad
250 Light Carrier
Panzergrenadier Squad
Construct Light Support Kompanie
Combat Half-tracks
Selects Panzerjäger Kommand Battlegroup
Selects GrB 39 Grenade Launcher Requisition
250 Light Carrier
Construct Mechanized Kompanie
2.5-tonne Medical Truck
Fire Support Elements
Selects Crew Shock Tactics
Selects Mine Fields
Veteran Squad Leaders
Tungsten Core Ammunition
Vehicle Survival Package
Advanced Field Repairs
bjy9582
梓川枫
ceremoney
CPU - VERY EASY
小虚空
5DALSOO
Ricky Mah
xcpleo
0
0
Comments
sign in to comment!
No comments posted yet!